 Dungeon Crawl Stone Soup version 0.28-a0-1206-g193881aaa2 (webtiles) character file.

Game seed: 13227553812096209377

93 ytrimaz the Insei (level 4, -2/29 HPs)
             Began as an Octopode Transmuter on Dec 20, 2021.
             Succumbed to Sigmund's poison
             ... on level 2 of the Dungeon.
             The game lasted 00:02:25 (2603 turns).

ytrimaz the Insei (Octopode Transmuter)             Turns: 2603, Time: 00:02:26

Health: -2/29      AC:  2    Str:  9    XL:     4   Next: 62%
Magic:  13/16      EV: 20    Int: 17    God:
Gold:   115        SH:  0    Dex: 17    Spells: 2/8 levels left

rFire   . . .      SeeInvis .     - Unarmed
rCold   . . .      Faith    .   (shield currently unavailable)
rNeg    . . .      Spirit   .   (helmet currently unavailable)
rPois   x          Reflect  .   (no amulet)
rElec   .          Harm     .   c - ring of wizardry
rCorr   .          Rampage  .   f - ring of magical power
Will    .....                   (no ring)
Stlth   ++........              (no ring)
HPRegen 0.09/turn               (no ring)
MPRegen 0.15/turn               (no ring)
                                (no ring)
                                (no ring)

@: lethally poisoned (-2 -> -33), spider-form (expiring)
A: venomous fangs, almost no armour, (amphibious), 8 rings, tiny, (camouflage
1), (gelatinous body 1), (nimble swimmer 1), (tentacles)
a: End Transformation


You were on level 2 of the Dungeon.
You were a venomous arachnid creature.
You visited 1 branch of the dungeon, and saw 2 of its levels.

You collected 115 gold pieces.

Inventory:

Jewellery
 c - a ring of wizardry (left front leg)
 f - a ring of magical power (right front leg)
Wands
 g - a wand of flame (21)
Scrolls
 a - a scroll of teleportation
Potions
 b - a potion of heal wounds
 d - 2 potions of mutation {unknown}
 e - a potion of brilliance {unknown}


   Skills:
 * Level 1.9 Fighting
 * Level 2.8 Dodging
 + Level 3.4 Unarmed Combat
 * Level 2.5 Spellcasting
 * Level 2.6 Transmutations
 + Level 1.1 Poison Magic


You had 2 spell levels left.
You knew the following spells:

 Your Spells              Type           Power      Damage    Failure   Level
a - Beastly Appendage     Tmut           22%        N/A       7%          1
b - Wereblood             Tmut           11%        N/A       10%         2
c - Spider Form           Tmut/Pois      8%         N/A       21%         3

Your spell library contained the following spells:

 Spells                   Type           Power      Damage    Failure   Level
 Dazzling Flash           Conj/Hex       4%         N/A       38%         3
 Ice Form                 Ice/Tmut       6%         N/A       54%         4
 Iskenderun's Mystic Bla  Conj/Tloc      2%         2d3       71%         4
 Starburst                Conj/Fire      1%         6d3       100%        6


Dungeon Overview and Level Annotations

Branches:
Dungeon (2/15)

Altars:

Shops:
D:2 ?

Annotations:
D:2 Sigmund


Innate Abilities, Weirdness & Mutations

You are a venomous arachnid creature.
You have poisonous fangs.
You are tiny and dextrous.
Your spellcasting is less reliable in this form.
Your armour is entirely melded.
You are incapable of wielding weapons or throwing items.
You cannot wear most types of armour.
((You are amphibious.))
You can wear up to eight rings at the same time.
((Your skin changes colour to match your surroundings (Stealth+).))
((Your rubbery body absorbs attacks. (AC +1, EV +1)))
((You are camouflaged near water. (Stealth+)))
((You have tentacles for arms and can constrict up to eight enemies at once.))


Message History

You feel very sick. Sigmund misses you.
You hit Sigmund.
Sigmund is poisoned.
Sigmund is lightly wounded.
You feel sick. The goblin hits you with a +0 club.
You hit Sigmund but do no damage.
Sigmund looks even sicker.
Sigmund is lightly wounded.
Your transformation is almost over.
You feel sick. Sigmund closely misses you. The goblin closely misses you.
You hit Sigmund but do no damage.
Sigmund looks as sick as possible!
Sigmund is moderately wounded.
You feel sick. The goblin closely misses you.
Sigmund points at you and mumbles some strange words.
You resist with some effort.
You hit Sigmund but do no damage.
Sigmund looks as sick as possible!
Sigmund is moderately wounded.
You feel sick. The goblin misses you. Sigmund closely misses you.
Unknown command.
You barely miss Sigmund.
Sigmund is moderately wounded.
The goblin hits you with a +0 club.
You feel much better.
You feel sick.
Sigmund hits you with a +5 scythe of venom!
The goblin completely misses you.
Unknown command.
You hit Sigmund.
Sigmund looks as sick as possible!
Sigmund is moderately wounded.
You feel sick. The goblin misses you. Sigmund completely misses you.
You hit Sigmund.
Sigmund looks as sick as possible!
Sigmund is heavily wounded.
You feel sick. The goblin closely misses you.
You closely miss Sigmund.
Sigmund is heavily wounded.
You feel sick.
You are no longer poisoned.
Sigmund hits you with a +5 scythe of venom!
* * * LOW HITPOINT WARNING * * *
You are lethally poisoned!
The goblin barely misses you.
You die...

#...#############
.................
.................
#...#######.#####
###...##### #.#
####.......... #.#####
#.....g....... #.#....
#......@...... #.#.###
#....s##########.#.#
#..$.............#.#
#...$......†.....#.###
#......(.........#....
######...........#####
####....###.# #<
#....# #.##### #....#
#.....' #....# #######


You could see Sigmund (extremely poisoned) and a goblin.

Vanquished Creatures
  5 adders (D:2)
  A worm (D:2)
  A dart slug (D:1)
  6 endoplasms
  A giant cockroach (D:2)
  5 goblins
  6 hobgoblins
  2 quokkas
  3 ball pythons
  3 bats (D:1)
  A frilled lizard (D:2)
  3 kobolds
  6 rats
43 creatures vanquished.

Notes
Turn   | Place    | Note
-------+----------+-------------------------------------------
     0 | D:1      | ytrimaz the Octopode Transmuter began the quest for the
                  | Orb.
     0 | D:1      | Reached XP level 1. HP: 13/13 MP: 3/3
   295 | D:1      | Reached XP level 2. HP: 18/18 MP: 5/5
  1131 | D:1      | Learned a level 2 spell: Wereblood
  1390 | D:2      | Found Cempa's Magic Scroll Shoppe.
  1396 | D:2      | Reached XP level 3. HP: 22/23 MP: 4/6
  1405 | D:2      | Learned a level 3 spell: Spider Form
  1820 | D:2      | Reached skill level 1 in Poison Magic
  1823 | D:2      | Reached XP level 4. HP: 29/29 MP: 4/7
  2126 | D:2      | Found a faded altar of an unknown god.
  2578 | D:2      | Noticed Sigmund
  2603 | D:2      | Succumbed to Sigmund's poison

Illustrated notes

Levels and vault maps discovered:
D:1:      onia_arrival_mini_spirals, layout_basic, minmay_crystal_water,
          dk_noncrumbling_3, serial_bayou_pond_d,
          corexii_item_surrounded_by_moat
D:2:      layout_basic, dreamdust_ecumenical_altar_angels_and_demons,
          serial_shops, nicolae_square_shop, grunt_ministairs_10, uniq_sigmund

Skill      XL: |  1  2  3 |
---------------+----------+-----
Poison Magic   | 1 |  1.1
Fighting       | |  1.9
Dodging        | |  2.8
Unarmed Combat | |  3.4
Spellcasting   | |  2.5
Transmutations | |  2.6

Action                   |  1- 3 |  4- 6 || total
-------------------------+-------+-------++-------
Melee: Unarmed           |    81 |    42 ||   123
       Tentacles         |     9 |     5 ||    14
       Constrict         |    16 |     7 ||    23
       Kick              |    11 |     7 ||    18
       Punch             |       |     1 ||     1
 Cast: Beastly Appendage |    14 |     4 ||    18
       Spider Form       |     2 |     4 ||     6
       Wereblood         |     1 |       ||     1
  Use: Scroll            |     5 |       ||     5
       Potion            |     2 |     1 ||     3
 Stab: Sleeping          |     6 |     2 ||     8
Armor: Skin              |     7 |     1 ||     8
Dodge: Dodged            |    75 |    39 ||   114

Table legend: (Time is in decaauts)
 A = Elapsed time spent in this place.
 B = Non-inter-level travel time spent in this place.
 C = Inter-level travel time spent in this place.
 D = Time resting spent in this place.
 E = Time spent auto-exploring this place.
 F = Levels seen in this place.
 G = Mean time per level.
                   A        B        C        D        E       F      G
               +--------+--------+--------+--------+--------+-----+--------+
         Total |   2608 |   2579 |     29 |     16 |   2136 |   2 | 1304.0 |
       Dungeon |   2608 |   2579 |     29 |     16 |   2136 |   2 | 1304.0 |
               +--------+--------+--------+--------+--------+-----+--------+

Top non-repeatable levels by time:
     D:1: 1327 daAuts
     D:2: 1281 daAuts
